 Dungeon Crawl Stone Soup version 0.25-a0-589-g1e14c549ee (webtiles) character file.

Game seed: 10877182054894206578, levelgen mode: deterministic

2357 Lentor the Spear-Bearer (level 9, 0/73 HPs)
             Began as a Demonspawn Fighter on Mar 9, 2020.
             Was a Believer of Qazlal.
             Succumbed to a killer bee's poison
             ... on level 7 of the Dungeon.
             The game lasted 00:39:01 (7274 turns).

Lentor the Spear-Bearer (Demonspawn Fighter)        Turns: 7274, Time: 00:39:02

Health: 0/73       AC:  6    Str: 20    XL:     9   Next: 20%
Magic:  3/9        EV:  6    Int: 10    God:    Qazlal [**....]
Gold:   461        SH: 16    Dex: 12    Spells: 8/8 levels left

rFire    + . .     SeeInvis .   d - +3 trident (vorpal)
rCold    . . .     Gourm    .   B - +0 tower shield
rNeg     . . .     Faith    .   w - +0 troll leather armour {Purgy}
rPois    .         Spirit   +   (no helmet)
rElec    .         Reflect  .   (no cloak)
rCorr    .         Harm     .   (no gloves)
MR       .....                  (no boots)
Stlth    ++........             (no amulet)
HPRegen  0.62/turn              r - ring of protection from fire
MPRegen  0.22/turn              (no ring)

@: lethally poisoned (0 -> -2)
A: claws 1, thin metallic scales 1, nightstalker 1, magic shield, magic
regeneration, magic link
a: Upheaval, Renounce Religion


You were on level 7 of the Dungeon.
You worshipped Qazlal.
Qazlal was pleased with you.
You were not hungry.

You visited 2 branches of the dungeon, and saw 8 of its levels.
You also visited: Sewer.

You collected 461 gold pieces.

Inventory:

Hand Weapons
 b - a +5 dire flail
 d - a +3 vorpal trident (weapon)
Missiles
 C - 7 poisoned darts (quivered)
Armour
 c - a +0 kite shield
 w - a +0 troll leather armour (worn) {Purgy}
 B - a +0 tower shield (worn)
Jewellery
 r - a ring of protection from fire (left claw)
Wands
 s - a wand of random effects (37)
 u - a wand of paralysis (11)
Scrolls
 a - a scroll of holy word {unknown}
 g - 2 scrolls of random uselessness {unknown}
 h - 2 scrolls of identify
 i - 4 scrolls of remove curse
 k - a scroll of amnesia {unknown}
 m - a scroll of immolation {unknown}
 q - 7 scrolls of teleportation {unknown}
 t - 2 scrolls of fog {unknown}
 v - a scroll of blinking {unknown}
 x - 2 scrolls of magic mapping {unknown}
 y - a scroll of fear {unknown}
 z - a scroll of enchant armour {unknown}
Potions
 e - 5 potions of flight
 j - 2 potions of curing
 n - 3 potions of berserk rage {unknown}
 o - a potion of mutation {unknown}
 p - 3 potions of lignification {unknown}
 A - 4 potions of heal wounds {unknown}
Comestibles
 f - 16 rations


   Skills:
 + Level 7.6 Fighting
   Level 2.9(6.2) Axes
 * Level 8.7(9.0) Polearms
 - Level 2.8 Armour
 - Level 3.2 Shields


You had 8 spell levels left.
You didn't know any spells.
Your spell library contained the following spells:

 Spells                   Type           Power        Failure   Level  Hunger
 Magic Dart               Conj           #...         100%        1    ##.....
 Ensorcelled Hibernation  Hex/Ice        #.....       100%        2    ###....
 Searing Ray              Conj           #.....       100%        2    ###....
 Dazzling Flash           Conj/Hex       #.....       100%        3    ####...
 Spider Form              Tmut/Pois      #.........   100%        3    ####...
 Fulminant Prism          Conj/Hex       #.........   100%        4    #####..
 Iskenderun's Mystic Bla  Conj/Tloc      #.......     100%        4    #####..
 Summon Ice Beast         Ice/Summ       #.......     100%        4    #####..
 Alistair's Intoxication  Tmut/Pois      #.......     100%        5    ######.
 Freezing Cloud           Conj/Ice/Air   #.........   100%        6    #######


Dungeon Overview and Level Annotations

Branches:
Dungeon (7/15)             Temple (1/1) D:4           Sewer (visited)

Altars:
Ashenzari
Cheibriados
Dithmenos
Gozag
Hepliaklqana
Kikubaaqudgha
Makhleb
Nemelex Xobeh
Okawaru
Qazlal
Trog
Uskayaw
Vehumet
Wu Jian
Xom
Yredelemnul
The Shining One

Shops:
D:5 [

Annotations:
D:7 2 transporters, Laze's ghost, novice DECj


Innate Abilities, Weirdness & Mutations

You have sharp fingernails.
You are partially covered in thin metallic scales. (AC +2)
You are slightly more attuned to the shadows.
When hurt, damage is shared between your health and your magic reserves.
You regenerate magic rapidly.
When low on magic, you restore magic in place of health.


Message History

You feel sick.
A killer bee comes into view.
You block the killer bee's attack. x2; The killer bee stings you!
* * * LOW HITPOINT WARNING * * *
You hear an angry buzzing noise.
A killer bee comes into view.
You block the killer bee's attack.
You feel better. You block the killer bee's attack. The killer bee stings you.
* * * LOW HITPOINT WARNING * * *
You are poisoned.
The killer bee poisons you! The killer bee stings you.
* * * LOW HITPOINT WARNING * * *
You block the killer bee's attack.
You feel sick. You block the killer bee's attack.
You feel sick. The killer bee stings you.
* * * LOW HITPOINT WARNING * * *
You are lethally poisoned!
The killer bee poisons you!
You die...

#.# #.# ### ...## #.# #..
#...# #.# ####.# ...# #.#
#..... ≈ #..# #.# #.##.# ≈≈#
#..# #.# #.##.# ≈≈;≈
#..############.####.##.#
#≈≈#..yyyy.@.....#......:...
#†.#.########...#####.##).
#.......####.#.#.####.##.#
#....#.##.#...##.##.>.....[.
......#.##...................
#####..#.##.>......##..##.##.#
...#.#.........#.#.......#
###.#...............#..####
#.###..........##.#..# #


You could see 4 killer bees.

Vanquished Creatures
  A hippogriff (D:7)
  Eustachio (D:5)
  A water moccasin (D:7)
  Purgy (Sewer)
  A big kobold (D:7)
  2 bullfrogs (D:7)
  2 scorpions (D:4)
  A killer bee (D:7)
  A vampire bat (D:6)
  8 wights
  3 howler monkeys (D:7)
  4 hounds
  2 jellies
  3 orc priests
  Crazy Yiuf (D:5)
  6 orc wizards
  Terence (D:2)
  2 iguanas
  4 worker ants
  A hound skeleton (D:6)
  A gnoll (D:1)
  6 river rats (D:5)
  13 adders
  An ooze (D:1)
  3 adder zombies
  7 worms
  3 adder skeletons
  5 dart slugs
  4 leopard geckos
  17 orcs
  7 bats
  3 bat skeletons (D:6)
  3 bat zombies (D:6)
  4 giant cockroaches
  7 goblins
  6 hobgoblins
  3 jackals (D:4)
  4 quokkas
  5 ball pythons
  14 frilled lizards
  6 kobolds
  A quokka skeleton (D:5)
  A quokka zombie (D:6)
  9 rats
  A bush (D:5)
180 creatures vanquished.

Vanquished Creatures (others)
  Grinder (D:5)
1 creature vanquished.

Grand Total: 181 creatures vanquished

Notes
Turn   | Place    | Note
-------+----------+-------------------------------------------
     0 | D:1      | Lentor the Demonspawn Fighter began the quest for the Orb.
     0 | D:1      | Reached XP level 1. HP: 18/18 MP: 1/1
   161 | D:1      | Gained mutation: You are partially covered in thin metallic
                  | scales. (AC +2) [demonic ancestry]
   161 | D:1      | Reached XP level 2. HP: 24/24 MP: 2/2
   396 | D:1      | Reached XP level 3. HP: 28/29 MP: 3/3
  1093 | D:2      | Noticed Terence
  1101 | D:2      | Killed Terence
  1101 | D:2      | Gained mutation: You are slightly more attuned to the
                  | shadows. [demonic ancestry]
  1101 | D:2      | Reached XP level 4. HP: 27/36 MP: 4/4
  1584 | D:2      | Reached skill level 1 in Polearms
  2423 | D:4      | Reached skill level 2 in Polearms
  2423 | D:4      | Gained mutation: When hurt, damage is shared between your
                  | health and your magic reserves. [demonic ancestry]
  2423 | D:4      | Reached XP level 5. HP: 42/42 MP: 5/5
  2601 | D:4      | Reached skill level 3 in Polearms
  2732 | D:4      | Gained mutation: You regenerate magic rapidly. [demonic
                  | ancestry]
  2732 | D:4      | Reached XP level 6. HP: 46/49 MP: 6/6
  2771 | D:4      | Found a staircase to the Ecumenical Temple.
  2776 | Temple   | Entered the Ecumenical Temple
  3001 | Temple   | Became a worshipper of Qazlal Stormbringer
  3127 | D:4      | Reached skill level 4 in Polearms
  3394 | D:4      | Reached skill level 5 in Fighting
  3404 | D:4      | Gained mutation: You have sharp fingernails. [demonic
                  | ancestry]
  3404 | D:4      | Reached XP level 7. HP: 33/56 MP: 5/7
  3742 | D:5      | Entered Level 5 of the Dungeon
  3828 | D:5      | Noticed Grinder
  3837 | D:5      | Paralysed by Grinder for 2 turns
  4035 | D:5      | Found Raan's Armour Shoppe.
  4081 | D:5      | Reached * piety under Qazlal
  4227 | D:5      | Reached skill level 5 in Polearms
  4244 | D:5      | Found a glowing drain.
  4258 | Sewer    | Entered a sewer
  4391 | Sewer    | Noticed Purgy
  4399 | Sewer    | Killed Purgy
  4727 | D:5      | Killed Grinder
  5441 | D:5      | Noticed Eustachio
  5486 | D:5      | Killed Eustachio
  5486 | D:5      | Reached skill level 6 in Polearms
  5486 | D:5      | Gained mutation: When low on magic, you restore magic in
                  | place of health. [demonic ancestry]
  5486 | D:5      | Reached XP level 8. HP: 50/64 MP: 8/8
  5753 | D:5      | Found a runed translucent door.
  5754 | D:5      | Noticed Crazy Yiuf
  5759 | D:5      | Killed Crazy Yiuf
  5909 | D:6      | Reached skill level 7 in Polearms
  6050 | D:6      | Found an ornate altar of the Wu Jian Council.
  6457 | D:6      | Found a sparkling altar of Nemelex Xobeh.
  6652 | D:6      | Reached ** piety under Qazlal
  6667 | D:6      | Found an ancient bone altar of Kikubaaqudgha.
  6791 | D:7      | Noticed Laze's ghost (novice DECj)
  6804 | D:7      | Found a transporter.
  6813 | D:7      | Noticed a hippogriff
  6824 | D:7      | Killed a hippogriff
  6824 | D:7      | Reached skill level 8 in Polearms
  6880 | D:7      | Found a transporter.
  7000 | D:7      | Reached XP level 9. HP: 72/72 MP: 9/9
  7043 | D:7      | Found a shattered altar of Ashenzari.
  7110 | D:7      | Identified the Guide on the Nocuous Snowflakes
  7273 | D:7      | HP: 3/73 [poisoned by a killer bee]
  7273 | D:7      | HP: 1/73 [killer bee (2)]
  7274 | D:7      | Succumbed to a killer bee's poison

Levels and vault maps discovered:
D:1:      minmay_arrival_split_and_join, layout_loops_cross, minmay_vboxes
D:2:      layout_basic, kennysheep_another_room, uniq_terence
D:3:      layout_loops_ring, first_ration
D:4:      layout_loops_cross, minmay_temple_entry_crystal_x
D:5:      layout_basic, serial_shops, shop, lightli_sewer_entry_pipes,
          lemuel_flame_loot_1, uniq_eustachio, uniq_crazy_yiuf_cottage,
          uniq_grinder
D:6:      layout_loops_ring, nicolae_overflow_hidden_temple,
          kennysheep_vampire_church, basic_altar
D:7:      layout_loops_ring, ashenzari_altar_1, gammafunk_ghost_stat_death,
          minivault_4
Temple:   nicolae_temple_figure_eight

Skill      XL: |  1  2  3  4  5  6  7  8 |
---------------+-------------------------+-----
Shields        | 3 |  3.2
Axes           | 2 |  2.9
Polearms       | 2 3 4 6 8 |  8.7
Fighting       | 4 5 6 7 |  7.6
Armour         | |  2.8

Action                   |  1- 3 |  4- 6 |  7- 9 || total
-------------------------+-------+-------+-------++-------
Melee: War axe           |   106 |       |       ||   106
       Trident           |       |   161 |   440 ||   601
  Use: Scroll            |     1 |       |     2 ||     3
       Potion            |     1 |       |     3 ||     4
 Stab: Sleeping          |       |     1 |       ||     1
  Eat: Chunk             |     1 |     7 |    14 ||    22
Armor: Scale mail        |    50 |    43 |    50 ||   143
       Troll leather arm |       |       |    56 ||    56
Dodge: Dodged            |    22 |    27 |    69 ||   118
Block: Kite shield       |    58 |    49 |    75 ||   182
       Tower shield      |       |       |   162 ||   162

Table legend:
 A = Non-vault XP
 B = Vault XP
 C = Vault XP percentage of total XP
 D = Non-vault monster count
 E = Vault monster count
 F = Vault count percentage of total count
                 A         B        C        D         E       F
            +---------+---------+-------+---------+---------+-------
      Total |    2651 |     717 |  21.3 |     139 |      41 |  22.8
            +---------+---------+-------+---------+---------+-------
        D:1 |      52 |       6 |  10.3 |      21 |       5 |  19.2
        D:2 |      61 |      36 |  37.1 |      20 |       1 |   4.8
        D:3 |      29 |       0 |   0.0 |      10 |       0 |   0.0
        D:4 |     573 |       0 |   0.0 |      32 |       0 |   0.0
        D:5 |     352 |     459 |  56.6 |      17 |      22 |  56.4
        D:6 |     511 |      69 |  11.9 |      16 |       7 |  30.4
        D:7 |    1073 |       0 |   0.0 |      23 |       0 |   0.0
      Sewer |       0 |     147 | 100.0 |       0 |       6 | 100.0
            +---------+---------+-------+---------+---------+-------
